 Dungeon Crawl Stone Soup version 0.20-a0-494-gf50ee04 (webtiles) character file.

49 nikopol the Skirmisher (level 3, 0/23 HPs)
             Began as a Gargoyle Berserker on Jan 17, 2017.
             Was a Believer of Trog.
             Slain by an ooze (3 damage)
             ... on level 2 of the Dungeon.
             The game lasted 00:03:32 (1146 turns).

nikopol the Skirmisher (Gargoyle Berserker)         Turns: 1146, Time: 00:03:32

Health: 0/23       AC:  5    Str: 20    XL:     3   Next: 77%
Magic:  3/3        EV: 12    Int:  7    God:    Trog [**....]
Gold:   39         SH:  0    Dex: 10    Spells: 2/2 levels left

rFire    . . .     SeeInvis .   a - +0 hand axe
rCold    . . .     Gourm    .   b - +0 animal skin
rNeg     + . .     Faith    .   (no shield)
rPois    ∞         Spirit   .   (no helmet)
rElec    +         Reflect  .   (no cloak)
rCorr    .         Harm     .   (no gloves)
MR       .....                  (no boots)
Stlth    +.........             (no amulet)
Regen    0.1/turn               (no ring)
                                (no ring)

@: no status effects
A: negative energy resistance 1, electricity resistance, unbreathing,
petrification resistance, rot immunity, AC +3
a: Berserk, Trog's Hand, Burn Spellbooks, Renounce Religion


You were on level 2 of the Dungeon.
You worshipped Trog.
Trog was pleased with you.
You were not hungry.

You visited 1 branch of the dungeon, and saw 2 of its levels.

You collected 39 gold pieces.

Inventory:

Hand Weapons
 a - a +0 hand axe (weapon)
Missiles
 l - 27 arrows (quivered)
Armour
 b - a +0 animal skin (worn)
Jewellery
 n - an uncursed amulet of harm {unknown}
Scrolls
 d - a scroll of magic mapping {unknown}
 f - a scroll of enchant weapon {unknown}
 i - a scroll of blinking {unknown}
 j - a scroll of teleportation {unknown}
 k - 2 scrolls of identify {unknown}
Potions
 e - a potion of ambrosia {unknown}
 m - a potion of heal wounds {unknown}
Comestibles
 c - a bread ration
 g - 2 chunks of flesh
 h - a meat ration


   Skills:
 + Level 3.6 Fighting
 + Level 3.3 Axes
 + Level 2.8 Armour
 + Level 2.0 Dodging


You had 2 spell levels left.
You didn't know any spells.

Dungeon Overview and Level Annotations

Branches:
Dungeon (2/15)

Altars:


Innate Abilities, Weirdness & Mutations

You are resistant to torment.
Your stone body is resilient. (AC +3)
You are immune to poison.
You resist negative energy. (rN+)
You are resistant to electric shocks. (rElec)
You can survive without breathing.
You are immune to petrification.
You are immune to rotting.


Message History

You hit the jackal.
You kill the jackal!
Trog accepts your kill. The giant cockroach misses you.
You slash the giant cockroach!
You kill the giant cockroach!
Trog accepts your kill.
You hit the ooze but do no damage. The ooze barely misses you.
You hit the ooze.
The ooze is moderately wounded.
The ooze hits you.
* * * LOW HITPOINT WARNING * * *
You hit the ooze but do no damage.
The ooze is moderately wounded.
The ooze hits you.
* * * LOW HITPOINT WARNING * * *
You slash the ooze!
The ooze is almost dead.
The ooze completely misses you. The ooze hits you.
You die...

.. .# ..... <
#####.> ...... .
....... ......
.#....... ....
#........
...##........
#..#†.......
#)#@†......
#.J........
######.##.......
##......# #......
#####..######
.#.... #..........#
.#.##. #..........#
# #
#.(..).....####...
#..........#.......


You could see an ooze.

Vanquished Creatures
  An adder (D:2)
  A worm (D:2)
  A dart slug (D:1)
  A leopard gecko (D:1)
  3 bats
  A giant cockroach (D:2)
  6 goblins
  2 hobgoblins (D:1)
  4 jackals (D:2)
  4 kobolds (D:1)
  A quokka (D:2)
  4 frilled lizards (D:1)
  4 rats
33 creatures vanquished.

Notes
Turn   | Place    | Note
-------+----------+-------------------------------------------
     0 | D:1      | nikopol the Gargoyle Berserker began the quest for the Orb.
     0 | D:1      | Reached XP level 1. HP: 14/14 MP: 1/1
   155 | D:1      | Reached XP level 2. HP: 19/19 MP: 2/2
   819 | D:1      | Reached XP level 3. HP: 12/23 MP: 3/3
  1128 | D:2      | Reached ** piety under Trog
  1146 | D:2      | Slain by an ooze

Vault maps used:
D:1:      eino_arrival_water_cross, minmay_misc_feat_hallway, minivault_25,
          minmay_misc_feat_rugged
D:2:      chequers_ecumenical_altar_grove, kennysheep_generic_room_11,
          uniq_iyjb, uniq_sigmund, uniq_terence

Skill      XL: |  1  2  3 |
---------------+----------+-----
Axes           | 3 |  3.3
Dodging        | 2 |  2.0
Fighting       | |  3.6
Armour         | |  2.8

Action                   || total
-------------------------++-------
Melee: Hand axe          ||   106
  Eat: Chunk             ||     1
Armor: Animal skin       ||    45
Dodge: Dodged            ||    79
